Map: El Dorado

Players

Zentih

  • Race: Terran Terran
  • League: Master
  • Spawn Location: 5:00

Kamori - Winner!

  • Race: Protoss Protoss
  • League: Diamond
  • Spawn Location: 7:00

VOD

Have the link to the VOD?

Description

19 19 nexus core stalker sentry blink colosi

Time

  • Played on: Jan. 1, 2025, 10:57 p.m.
  • Length: 12:51
Show
View Real Time Build Order
Export as new Build Order

Zentih Terran 

Build Orders: Reaper Expand 

Get SALT Encoding   

  12  0:01  SCV  
  13  0:13  SCV  
  14  0:18  Supply Depot  
  14  0:25  SCV  
  15  0:40  SCV  
  16  0:45  Barracks  
  16  0:49  Refinery  
  16  0:55  SCV  
  17  1:07  SCV  
  18  1:19  SCV  
  19  1:34  Orbital Command, Reaper  
  20  1:44  Command Center  
  20  1:51  Refinery  
  20  2:00  SCV  
  21  2:09  Barracks Reactor  
  21  2:12  SCV  
  22  2:23  Supply Depot  
  22  2:27  Factory  
  22  2:29  SCV  
  23  2:45  SCV  
  23  2:46  Marine x2  
  26  2:55  Bunker  
  26  2:56  Barracks  
  26  2:57  SCV  
  27  2:59  Orbital Command  
  27  3:07  Marine x2  
  27  3:12  Widow Mine  
  31  3:20  Starport  
  31  3:24  SCV  
  32  3:31  Marine x2  
  34  3:36  SCV x2  
  36  3:45  Barracks, Barracks Tech Lab  
  36  3:46  Factory Tech Lab  
  36  3:49  Widow Mine  
  36  3:53  SCV  
  36  3:54  SCV  
  40  3:58  Medivac  
  40  4:01  Marine  
  40  4:02  Marine  
  44  4:05  Stimpack, Marine  
  44  4:09  SCV  
  46  4:16  Supply Depot  
  46  4:18  Supply Depot  
  46  4:25  Marauder, Marine x2  
  46  4:26  SCV  
  51  4:38  SCV  
  51  4:39  Barracks Tech Lab  
  51  4:42  Factory Tech Lab  
  52  4:55  SCV  
  52  4:56  Marine x2  
  52  4:58  Marauder  
  57  5:02  Command Center  
  57  5:09  Marauder  
  57  5:14  Marine x2  
  59  5:28  Marine  
  59  5:30  Marine  
  59  5:31  Marine  
  59  5:35  SCV  
  61  5:39  Marine  
  61  5:40  Starport Reactor  
  62  5:47  SCV, Marauder  
  62  5:49  Marauder  
  67  5:53  Refinery x2  
  67  5:57  SCV  
  67  5:59  SCV  
  69  6:08  Marauder, Marine  
  70  6:13  Supply Depot x2  
  70  6:14  SCV x2, Marauder, Marine  
  75  6:18  Orbital Command  
  75  6:26  SCV  
  75  6:28  Marine  
  75  6:29  Concussive Shells  
  75  6:30  Marauder  
  75  6:31  Combat Shield  
  79  6:34  Medivac  
  79  6:36  Marauder  
  79  6:37  Medivac  
  79  6:38  SCV  
  86  6:40  SCV  
  86  6:45  Engineering Bay  
  87  6:48  Engineering Bay  
  87  6:50  SCV  
  87  6:54  Orbital Command  
  88  7:02  SCV  
  88  7:03  Barracks  
  88  7:04  Barracks, Medivac  
  88  7:06  Marine  
  88  7:07  Medivac, Supply Depot x2, Marine  
  95  7:15  SCV  
  96  7:16  Terran Infantry Weapons Level 1, Terran Infantry Armor Level 1  
  97  7:22  SCV  
  97  7:23  SCV  
  97  7:25  Marauder  
  97  7:27  Marine  
  97  7:28  SCV  
  102  7:35  SCV x2  
  102  7:36  Barracks  
  104  7:39  Marine  
  104  7:41  SCV, Barracks  
  102  8:10  Marine x3  
  102  8:11  SCV, Marauder x2  
  110  8:13  SCV  
  110  8:15  Viking x2, Barracks Tech Lab  
  110  8:17  Ghost Academy  
  115  8:22  Armory  
  115  8:23  SCV  
  115  8:25  SCV  
  117  8:27  Barracks Reactor, Barracks Tech Lab  
  117  8:46  Supply Depot x2  
  117  8:49  Refinery  
  117  8:54  Command Center  
  117  8:56  Barracks Tech Lab  
  117  8:58  Starport  
  117  9:08  Medivac, SCV x2, Marauder x3, Viking, Marine x3  
  125  9:20  SCV  
  123  9:25  Marine x2  
  123  9:26  Marauder, Marine  
  123  9:29  Marauder  
  123  9:30  Marauder x2  
  132  9:32  Terran Infantry Weapons Level 2  
  132  9:33  Terran Infantry Armor Level 2  
  132  9:38  Refinery  
  132  9:42  Starport Reactor  
  132  9:45  Barracks  
  132  9:51  Supply Depot  
  132  10:06  Viking x2  
  148  10:07  Marine x2  
  148  10:09  Supply Depot  
  148  10:10  Marine x2  
  148  10:12  Supply Depot  
  148  10:13  Orbital Command  
  155  10:19  Medivac x2  
  158  10:34  Unknown x4  
  157  10:35  Unknown  
  157  10:36  SCV, Viking  
  150  10:44  Marine  
  150  10:45  Marauder x4, Marine x2  
  150  10:46  Marine  
  150  10:48  SCV  
  123  11:02  Marine x3  
  86  11:04  Marine  
  86  11:06  Marauder x2  
  86  11:07  Marauder  
  82  11:14  Marauder, Unknown  
  82  11:15  SCV  
  75  11:20  Marine x2  
  75  11:24  SCV  
  75  11:28  Marauder  
  76  11:34  Unknown  
  76  11:37  SCV x3  
  70  11:49  SCV  
  71  11:56  SCV  
  72  12:01  SCV  
  72  12:05  Marine x2  
  72  12:06  Marauder x2, Marine  
  72  12:08  SCV  
Show
View Real Time Build Order
Export as new Build Order

Kamori Protoss - Winner!

Build Orders: 1 Gate Expand, Blink Stalkers, Colossus Rush 

Get SALT Encoding   

  12  0:00  Probe  
  13  0:12  Probe  
  14  0:18  Pylon  
  14  0:24  Probe  
  15  0:34  Probe  
  15  0:36  Gateway  
  15  0:42  Probe  
  16  0:47  Assimilator  
  17  0:52  Probe  
  18  1:04  Probe  
  19  1:23  Nexus  
  19  1:33  Cybernetics Core  
  19  1:37  Probe  
  20  1:44  Assimilator  
  20  1:49  Probe  
  21  1:57  Pylon  
  21  2:01  Probe  
  22  2:03  Stalker  
  22  2:13  Probe  
  25  2:16  Warp Gate  
  25  2:25  Probe  
  26  2:33  Sentry  
  28  2:37  Probe x2  
  30  2:46  Probe  
  30  2:49  Probe  
  30  2:50  Twilight Council  
  32  2:55  Stalker, Probe  
  35  3:06  Probe  
  35  3:08  Probe  
  37  3:13  Pylon  
  37  3:15  Blink  
  37  3:18  Probe  
  38  3:20  Probe  
  39  3:37  Probe x2  
  39  3:39  Assimilator  
  41  3:47  Gateway  
  41  3:49  Probe  
  42  3:55  Robotics Facility  
  42  3:56  Pylon  
  42  4:04  Probe x2  
  42  4:06  Stalker  
  46  4:23  Nexus  
  46  4:29  Probe x2  
  48  4:36  Observer  
  48  4:37  Gateway  
  48  4:41  Stalker  
  48  4:44  Pylon  
  51  4:49  Robotics Bay  
  51  4:51  Assimilator  
  51  4:52  Pylon  
  51  4:54  Observer  
  51  4:55  Probe x2  
  53  5:07  Probe x2  
  54  5:28  Colossus  
  54  5:30  Stalker x2  
  54  5:33  Probe  
  54  5:34  Probe  
  60  5:36  Extended Thermal Lance  
  60  5:41  Probe  
  66  5:46  Probe x2  
  66  5:49  Probe  
  66  5:54  Charge  
  67  5:58  Probe  
  67  5:59  Probe  
  67  6:00  Probe  
  70  6:05  Zealot x3  
  70  6:10  Probe  
  77  6:12  Probe  
  78  6:21  Colossus, Probe  
  78  6:23  Probe  
  78  6:24  Probe  
  87  6:26  Observer  
  87  6:30  Shield Battery  
  87  6:33  Probe  
  87  6:35  Zealot, Probe  
  87  6:36  Probe  
  92  6:43  Pylon  
  92  6:44  Pylon  
  92  6:45  Pylon, Probe  
  96  7:01  Probe x3  
  96  7:03  Pylon  
  96  7:08  Gateway  
  96  7:09  Gateway  
  96  7:10  Gateway x2  
  96  7:11  Colossus, Zealot x2  
  96  7:12  Sentry  
  102  7:18  Templar Archives  
  108  7:33  Stalker x2  
  108  7:37  Stalker  
  114  7:40  Probe x3  
  111  7:55  Pylon  
  111  7:57  Zealot x2  
  113  8:00  Zealot  
  113  8:04  Assimilator, Probe x3  
  117  8:11  Disruptor  
  121  8:15  Pylon  
  121  8:18  Pylon  
  121  8:21  Zealot x6  
  133  8:36  Pylon x3  
  133  8:37  High Templar  
  135  8:45  Probe, Forge  
  135  8:46  Gateway, Probe x2, Forge  
  138  8:49  Gateway  
  138  8:52  Nexus  
  138  8:54  Disruptor  
  142  8:57  Pylon  
  142  9:00  High Templar x3, Robotics Facility  
  148  9:02  Zealot x2  
  148  9:03  Zealot  
  148  9:04  Archon  
  148  9:05  Archon  
  154  9:12  Assimilator, Probe x2  
  150  9:21  Warp Prism  
  142  9:29  Zealot x4  
  150  9:40  Zealot x3  
  148  10:07  Stalker x4  
  148  10:08  Zealot x5  
  166  10:33  Disruptor x2  
  174  10:42  Zealot x5  
  170  10:43  Zealot x4  
  130  11:15  Stalker x5, Zealot  
  130  11:16  Zealot x3  
  134  11:33  Probe  
  134  11:34  Probe  
  134  11:37  Probe x2  
  134  11:39  High Templar x4  
  138  11:40  Zealot x5  
  138  11:42  Archon  
  138  11:43  Archon  
  138  11:44  Disruptor  
  138  11:45  Disruptor  
  138  11:46  Probe x2  
  148  12:02  Probe x4  
  152  12:13  Stalker x2, Zealot x4  
  152  12:14  Stalker x3  
  174  12:34  Zealot x4  
Tags
 
Add a new tag
Caveats
  • Supply blocks, unpowered buildings, or Contaminate may cause inaccurate times.
  • Supply counts are checked every 10 seconds.